 Dungeon Crawl Stone Soup version 0.31-a0-489-g282fc92437 (webtiles) character file.

Game seed: 3249191543522224296

59 Ethylacetat the Cutter (level 4, -1/30 HPs)
             Began as an Octopode Gladiator on Aug 8, 2023.
             Slain by a worm (6 damage)
             ... on level 2 of the Dungeon.
             The game lasted 00:01:16 (1315 turns).

Ethylacetat the Cutter (Octopode Gladiator)         Turns: 1315, Time: 00:01:17

Health: -1/30      AC:  1    Str: 13    XL:     4   Next: 3%
Magic:  4/4        EV: 14    Int: 10    God:
Gold:   120        SH:  0    Dex: 15    Spells: 3/3 levels left

rFire   . . .        a - +0 rapier
rCold   . . .        (no shield)
rNeg    . . .        b - +0 hat
rPois   .            (no amulet)
rElec   .            (no ring)
rCorr   .            (no ring)
SInv    .            (no ring)
Will    .....        (no ring)
Stlth   +++          (no ring)
HPRegen 0.25/turn    (no ring)
MPRegen 0.09/turn    (no ring)
                     (no ring)

%: no passive effects
@: no status effects
A: almost no armour, amphibious, 8 rings, camouflage 1, gelatinous body 1,
(nimble swimmer 1), tentacles
a: no special abilities


You were on level 2 of the Dungeon.
You visited 1 branch of the dungeon, and saw 2 of its levels.

You collected 120 gold pieces.

Inventory:

Hand Weapons
 a - a +0 rapier (weapon)
Missiles
 c - 3 throwing nets (quivered)
 d - a javelin
Armour
 b - a +0 hat (worn)
Talismans
 l - a dragon-blood talisman
Scrolls
 f - 2 scrolls of teleportation {unknown}
 g - a scroll of immolation {unknown}
 h - a scroll of poison {unknown}
 i - a scroll of enchant armour {unknown}
Potions
 e - a potion of degeneration {unknown}
 j - a potion of might {unknown}
 k - a potion of lignification {unknown}
 m - 2 potions of haste {unknown}


   Skills:
 + Level 2.5 Fighting
 + Level 3.4 Short Blades
 - Level 2.0 Throwing
 + Level 3.3 Dodging
 + Level 2.0 Stealth
 * Level 1.0 Shapeshifting


You had 3 spell levels left.
You didn't know any spells.
Your spell library contained the following spells:

 Spells                   Type           Power      Damage    Failure   Level
 Shock                    Conj/Air       0%         1d3       36%         1
 Swiftness                Air            0%         N/A       75%         3
 Airstrike                Air            0%         2d(0-16)  98%         4


Dungeon Overview and Level Annotations

Branches:
Dungeon (2/15)

Altars:

Shops:
D:2 :


Innate Abilities, Weirdness & Mutations

You cannot wear most types of armour.
You are amphibious.
You can wear up to eight rings at the same time.
Your skin changes colour to match your surroundings (Stealth+).
Your rubbery body absorbs attacks. (AC +1, EV +1)
((You are camouflaged when in or above water. (Stealth+)))
You have tentacles for arms and can constrict up to eight enemies at once.


Message History

You hit the endoplasm.
The endoplasm is moderately wounded.
The endoplasm freezes you.
You are frozen.
There are monsters nearby!
You hit the endoplasm.
The endoplasm is heavily wounded.
The endoplasm freezes you.
You are frozen.
You completely miss the endoplasm.
The endoplasm is heavily wounded.
The endoplasm freezes you.
You are frozen.
There are monsters nearby!
There are monsters nearby!
You are too injured to fight recklessly!
There are monsters nearby!
You are too injured to fight recklessly!
There are monsters nearby!
You are too injured to fight recklessly!
There are monsters nearby!
You are too injured to fight recklessly!
You are too injured to fight recklessly!
Unknown command.
You are too injured to fight recklessly!
You are too injured to fight recklessly!
You are too injured to fight recklessly!
You hit the endoplasm.
You kill the endoplasm!
Your Stealth skill increases to level 2!
The worm bites you!
* * * LOW HITPOINT WARNING * * *
Things that are here:
a +0 club; a goblin corpse You hit the worm.
Your grab misses the worm. You squeeze the worm.
The worm is moderately wounded.
You hit the worm. You grab the worm. You squeeze the worm.
The worm is severely wounded.
You constrict the worm. The worm bites you.
You die...

......#### ......#
#.........# ####.#####
#......... #.....#
........ #####.#
#......#
########.####....?.#
......<............#
.........#..#...w..#
..<......##....#@#
.........# ###...#
#####.#### ##..# ###
#<# #..##
..###.#########..>##
#..................#
##########.######..###
### #.......#
####....#


You could see a worm.

Vanquished Creatures
  An adder (D:2)
  A worm (D:2)
  2 dart slugs
  3 endoplasms
  3 giant cockroaches
  7 goblins
  7 hobgoblins
  A quokka (D:1)
  5 ball pythons (D:2)
  2 bats (D:1)
  A kobold (D:2)
  6 rats
39 creatures vanquished.

Notes
Turn   | Place    | Note
-------+----------+-------------------------------------------
     0 | D:1      | Ethylacetat the Octopode Gladiator began the quest for the
                  | Orb.
     0 | D:1      | Reached XP level 1. HP: 14/14 MP: 1/1
    43 | D:1      | Reached skill level 1 in Stealth
    43 | D:1      | Reached XP level 2. HP: 10/19 MP: 2/2
   132 | D:1      | You fall into a shaft and drop 1 floor!
   214 | D:2      | Found Igrunku's Book Emporium.
   435 | D:1      | Found a faded altar of an unknown god.
   511 | D:1      | Reached XP level 3. HP: 25/25 MP: 3/3
  1265 | D:2      | Reached skill level 1 in Shapeshifting
  1308 | D:2      | Reached XP level 4. HP: 22/30 MP: 4/4
  1315 | D:2      | Slain by a worm

Illustrated notes

Levels and vault maps discovered:
D:1:      minmay_arrival_stair_chambers, layout_loops_ring,
          dilly_ecumenical_altar_fadedgnrine
D:2:      kb_forest_paths, layout_rooms, serial_shops, shop, minmay_between

Skill      XL: |  1  2  3  4 |
---------------+-------------+-----
Stealth        | 1 2 |  2.0
Shapeshifting  | 1 |  1.0
Fighting       | |  2.5
Short Blades   | |  3.4
Throwing       | |  2.0
Dodging        | |  3.3

Action                     |  1- 3 |  4- 6 || total
---------------------------+-------+-------++-------
  Melee: Rapier            |    63 |     7 ||    70
         Tentacles         |    12 |     2 ||    14
         Constrict         |    13 |     1 ||    14
   Stab: Sleeping          |    13 |       ||    13
 Armour: Skin              |     4 |       ||     4
  Dodge: Dodged            |    34 |     1 ||    35

Table legend: (Time is in decaauts)
 A = Elapsed time spent in this place.
 B = Non-inter-level travel time spent in this place.
 C = Inter-level travel time spent in this place.
 D = Time resting spent in this place.
 E = Time spent auto-exploring this place.
 F = Levels seen in this place.
 G = Mean time per level.
                   A        B        C        D        E       F      G
               +--------+--------+--------+--------+--------+-----+--------+
         Total |   1317 |   1282 |     35 |      0 |   1067 |   2 |  658.5 |
       Dungeon |   1317 |   1282 |     35 |      0 |   1067 |   2 |  658.5 |
               +--------+--------+--------+--------+--------+-----+--------+

Top non-repeatable levels by time:
     D:1: 925 daAuts
     D:2: 392 daAuts
